 Dungeon Crawl Stone Soup version 0.16-a0-286-g6bac339 (webtiles) character file.

110 Kashira the Gusty (level 4, -9/24 HPs)
             Began as a Tengu Air Elementalist on Aug 28, 2014.
             Killed by divine providence
             ... invoked by an orc priest
              (15 damage)
             ... on Level 3 of the Dungeon.
             The game lasted 00:09:32 (2099 turns).

Kashira the Gusty (Tengu Air Elementalist)          Turns: 2099, Time: 00:09:32

HP  -9/24        AC  2     Str  8      XL: 4   Next: 91%
MP   2/10        EV 13     Int 16      God:
Gold 121         SH  0     Dex 15      Spells:  4 memorised,  3 levels left

rFire  . . .     SeeInvis .     e - +1 spear (venom)
rCold  . . .     Clarity  .     a - +0 robe
rNeg   . . .     rCorr    .     (no shield)
rPois  .         rRot     .     (helmet restricted)
rElec  .         Spirit   .     (no cloak)
SustAb .         Warding  .     (no gloves)
rMut   .         Stasis   .     (boots unavailable)
Gourm  .                        (no amulet)
MR     .....                    (no ring)
                                (no ring)

@: not resistant to hostile enchantments, unstealthy
A: beak, talons 3
a: no special abilities


You were on level 3 of the Dungeon.
You were hungry.

You visited 1 branch of the dungeon, and saw 3 of its levels.

You collected 121 gold pieces.

Inventory:

Hand weapons
 e - a +1 spear of venom (weapon)
Missiles
 u - 3 silver tomahawks (quivered)
Armour
 a - a +0 robe (worn)
Magical devices
 n - a wand of confusion (7)
Comestibles
 c - 2 bread rations
 s - a chunk of jackal flesh
Scrolls
 d - 2 scrolls of enchant armour {unknown}
 f - a scroll of identify
 g - 4 scrolls of remove curse {unknown}
 j - a scroll of immolation
 k - a scroll of fear {unknown}
 m - a scroll of blinking {unknown}
 t - a scroll of fog {unknown}
Jewellery
 l - a +2 ring of intelligence {unknown}
Potions
 h - a potion of agility {unknown}
 i - a potion of curing {unknown}
 o - a potion of flight {unknown}
 p - a potion of restore abilities {unknown}
Books
 b - a book of Air

   Spells                             Type                      Level
   *Shock                             Conjuration/Air              1
   *Swiftness                         Charms/Air                   2
   Repel Missiles                     Charms/Air                   2
   Flight                             Charms/Air                   3
   Static Discharge                   Conjuration/Air              3
   Lightning Bolt                     Conjuration/Air              5
 r - a book of Maledictions

   Spells                             Type                      Level
   *Corona                            Hexes                        1
   Sure Blade                         Hexes/Charms                 2
   *Ensorcelled Hibernation           Hexes/Ice                    2
   Confuse                            Hexes                        3
   Dazzling Spray                     Conjuration/Hexes            3
   Enslavement                        Hexes                        4


   Skills:
 + Level 2.9 Dodging
 + Level 2.0 Stealth
 + Level 3.1 Spellcasting
 + Level 3.1 Conjurations
 + Level 4.8 Air Magic


You had 3 spell levels left.
You knew the following spells:

 Your Spells              Type           Power        Failure   Level  Hunger
a - Shock                 Conj/Air       ###.         4%          1    None
b - Swiftness             Chrm/Air       ##......     12%         2    ##.....
c - Corona                Hex            #......      21%         1    None
d - Ensorcelled Hibernat  Hex/Ice        #.....       30%         2    ##.....


Dungeon Overview and Level Annotations

Branches:
Dungeon (3/15)

Altars:
Cheibriados
Sif Muna
Xom


Innate Abilities, Weirdness & Mutations

You have a beak for a mouth.
You have claws for feet.


Message History

Read which item? (? for menu, Esc to quit)
As you read the scroll labeled SASCHE NIROEWN, it crumbles to dust.
The air around you briefly surges with heat, but it dissipates.
It was a scroll of immolation.
Read which item? (? for menu, Esc to quit)
Okay, then.
Read which item? (? for menu, Esc to quit)
As you read the scroll labeled ZASUPA RA LAFA, it crumbles to dust.
It is a scroll of identify.
Identify which item? (\ to view known items) (? for menu, Esc to quit)
n - a wand of confusion (8) Evoke which item? (* to show all) (? for menu, Esc to quit)
Zapping:
n - a wand of confusion (8)
Press: ? - help, Shift-Dir - straight line, f - orc priest
Aim: an orc priest, wielding a dagger and wearing a ring mail (lightly wounded)
The orc priest resists.
This wand has 7 charges left.
The orc priest mumbles some strange prayers to Beogh against you.
Something smites you!
Ouch! That really hurt!
You die...

#.# #.# #.# #.# #.# ####
#.# ..# ##)###### #.#
####.......###
###.######......@.....#
#..........#....###o#.####
#.#.######...............#
#.#.# ##.......#.#.##o#
#.#.# ###.........##.####
....# #.......####....#
#..## ##.###### ####.#
##.# ##'## #.# #.# ##...##
#.#


You could see an orc priest.

Vanquished Creatures
  An orc priest (D:3)
  An adder (D:2)
  2 worms (D:2)
  An inept item mimic (D:2)
  2 giant geckos (D:1)
  4 orcs (D:3)
  2 giant cockroaches (D:2)
  6 goblins
  4 hobgoblins
  3 jackals (D:3)
  A quokka (D:2)
  3 bats
  3 giant newts (D:1)
  4 kobolds
  11 rats
48 creatures vanquished.

Notes
Turn   | Place    | Note
--------------------------------------------------------------
     0 | D:1      | Kashira, the Tengu Air Elementalist, began the quest for the Orb.
     0 | D:1      | Reached XP level 1. HP: 10/10 MP: 3/3
   428 | D:1      | Reached XP level 2. HP: 15/15 MP: 5/5
  1032 | D:2      | Reached XP level 3. HP: 19/19 MP: 3/7
  1500 | D:2      | Reached XP level 4. HP: 21/24 MP: 7/9
  1677 | D:2      | Found a deep blue altar of Sif Muna.
  1677 | D:2      | Found a shimmering altar of Xom.
  1716 | D:2      | Found a snail-covered altar of Cheibriados.
  1836 | D:3      | Learned a level 2 spell: Swiftness
  1853 | D:3      | Learned a level 1 spell: Corona
  1856 | D:3      | Learned a level 2 spell: Ensorcelled Hibernation
  2081 | D:3      | HP: 1/24 [orc priest/divine providence (11)]
  2099 | D:3      | Killed from afar by an orc priest

Action                   |  1- 3 |  4- 6 || total
-------------------------+-------+-------++-------
Melee: Spear             |    19 |     1 ||    20
 Cast: Shock             |    63 |    33 ||    96
Evoke: Wand              |       |     1 ||     1
  Use: Scroll            |       |     2 ||     2
       Potion            |       |     1 ||     1
  Eat: Chunk             |     2 |     2 ||     4
